 Dungeon Crawl Stone Soup version 0.31-a0-1059-g83d41fd8b6 (webtiles) character file.

Game seed: 9325659563350799252

342 MackTheKnife the Stinger (level 6, -2/46 HPs)
             Began as a Formicid Venom Mage on Nov 21, 2023.
             Was a Priest of Sif Muna.
             Succumbed to a kobold brigand's poison
             ... in a sewer.
             The game lasted 00:06:37 (3275 turns).

MackTheKnife the Stinger (Formicid Venom Mage)      Turns: 3275, Time: 00:06:38

Health: -2/46      AC:  3    Str: 13    XL:     6   Next: 88%
Magic:  5/12       EV: 27    Int: 16    God:    Sif Muna [***...]
Gold:   154        SH:  0    Dex: 14    Spells: 6/13 levels left

rFire   . . .        i - +1 dagger (vamp) {short}
rCold   . . .        (no shield)
rNeg    . . .        a - +0 robe
rPois   .            (helmet unavailable)
rElec   .            (no cloak)
rCorr   .            (no gloves)
SInv    +            l - +0 pair of boots
Will    .....        h - amulet of the acrobat
Stlth   ++           d - ring of wizardry
HPRegen 0.27/turn    (no ring)
MPRegen 0.13/turn

%: acrobat, wizardry (x1)
@: lethally poisoned (-2 -> -11), acrobatic
A: permanent stasis, dig shafts and tunnels, antennae 3, four strong arms
a: Dig, Renounce Religion, Channel Magic, Forget Spell


You were in a sewer.
You worshipped Sif Muna.
Sif Muna was most pleased with you.
You visited 1 branch of the dungeon, and saw 4 of its levels.
You also visited: Sewer.

You collected 154 gold pieces.


Innate Abilities, Weirdness & Mutations

You cannot be hasted, slowed, berserked, paralysed or teleported.
You can dig through walls and to a lower floor.
You have a pair of large antennae on your head. (SInv)
Your four strong arms can wield two-handed weapons with a shield.


   Skills:
 + Level 2.8 Fighting
 - Level 1.7 Dodging
 - Level 2.4 Stealth
 + Level 4.4 Spellcasting
 - Level 1.1 Transmutations
 + Level 6.9 Poison Magic


You had 6 spell levels left.
You knew the following spells:

 Your Spells              Type           Power      Damage    Failure   Level
a - Sting                 Tmut/Pois      64%        1d6       1%          1
b - Poisonous Vapours     Pois/Air       28%        N/A       2%          2
c - Olgreb's Toxic Radia  Pois           25%        N/A       4%          4

Your spell library contained the following spells:

 Spells                   Type           Power      Damage    Failure   Level
 Necrotise                Necr           12%        1d4       6%          1
 Shock                    Conj/Air       12%        1d3       6%          1
 Mephitic Cloud           Conj/Pois/Air  10%        N/A       8%          3
 Vampiric Draining        Necr           3%         2d6       19%         3
 Airstrike                Air            1%         2d(1-17)  52%         4
 Agony                    Necr           3%         N/A       85%         5
 Summon Forest            Summ/Tloc      1%         N/A       85%         5
 Eringya's Noxious Bog    Tmut/Pois      8%         4d6       86%         6
 Summon Hydra             Summ           1%         N/A       100%        7
 Swiftness                Air            Unusable   N/A       N/A         3

Inventory:

Hand Weapons
 i - a +1 vampiric dagger (weapon) {short}
   (You took it off a kobold on level 2 of the Dungeon)
Armour
 a - a +0 robe (worn)
 l - a +0 pair of boots (worn)
   (You found it on level 3 of the Dungeon)
Jewellery
 d - a ring of wizardry (left hand)
   (You found it on level 2 of the Dungeon)
 h - an amulet of the acrobat (around neck)
   (You found it on level 2 of the Dungeon)
Scrolls
 c - a scroll of enchant weapon {unknown}
 f - a scroll of revelation {unknown}
 g - a scroll of blinking {unknown}
 j - a scroll of fog {unknown}
 k - a scroll of teleportation {unknown}
 n - a scroll of noise {unknown}
Potions
 b - 2 potions of magic
 e - a potion of attraction {unknown}
 m - 3 potions of heal wounds {unknown}

Dungeon Overview and Level Annotations

Branches:
Dungeon (4/15) Zot: 21170   Sewer (1/1) Zot: 5550
 Temple: D:4-7

Altars:
Fedhas
Hepliaklqana
Kikubaaqudgha
Sif Muna

Annotations:
D:2 Sigmund
D:4 Ijyb, Natasha

#≈≈≈#≈≈≈≈≈≈≈...≈≈≈≈≈≈≈#
#≈≈≈≈≈≈≈...#≈≈≈≈≈≈#
#≈≈≈≈≈≈#...#~≈≈≈≈≈#
#≈≈≈≈≈≈#...≈≈≈≈≈≈≈#
#≈≈≈≈≈≈#...#≈≈≈≈≈≈#
#≈≈≈#≈≈≈≈≈≈≈...#≈≈≈≈≈≈#
#~~≈#≈≈≈≈~~#)..#~~≈≈≈≈#
#~≈≈#≈≈≈~~.).≈...~≈≈≈≈#
#≈~≈#.~≈~..#≈≈≈#@.)~~.#
#≈.~#......#≈≈≈#...K..#
#~.~#'#######~#######'#
#≈~~#......#...#).....#
#≈~..~~~~≈≈.))..)≈≈.~~#
#≈≈~#~~≈≈≈≈#.†.#≈≈≈~≈≈#
#############'#########
###...##########
#...§...#≈~~≈≈≈#


You could see a kobold brigand (very poisoned).


Message History

A kobold brigand comes into view.
It is wielding a +0 dagger and quivering poisoned darts. 😕 MP[+1]
You closely miss the shadow imp. The shadow imp closely misses you.
You hit the shadow imp but do no damage.
The shadow imp gestures at you.
Pain shoots through your body! 😮 HP[-12]
You take 12 damage, and now have 32/46 hp.
MASSIVE DAMAGE!! (PAUSE)
You barely miss the shadow imp. The shadow imp gestures at you.
Pain shoots through your body! 😮 HP[-4]
You take 4 damage, and now have 28/46 hp.
You closely miss the shadow imp.
The shadow imp hits you but does no damage.
You hit the shadow imp.
You kill the shadow imp!
Sif Muna accepts your kill.
The kobold shoots a sling bullet.
The sling bullet hits you!
* * * LOW HITPOINT WARNING * * *
You feel your power leaking away. 😨 HP[-7] MP[-3]
You take 7 damage, and now have 21/46 hp.
You lost 3 mp, and now have 0/12 mp.
Unknown command.
You fail to use your ability.
The kobold throws a stone.
The stone hits you but does no damage.
You fail to use your ability.
Unknown command.
You fail to use your ability. 😨 MP[+1] Unknown command.
You fail to use your ability.
The kobold brigand hits you with a +0 dagger.
* * * LOW HITPOINT WARNING * * *
😨 HP[-1]
You take 1 damage, and now have 20/46 hp.
Unknown command.
The kobold unwields the +5 sling "Upuoha" {antimagic, Int+3 Dex+5}.
The kobold wields a +0 short sword.
The kobold hits you with a +0 short sword.
* * * LOW HITPOINT WARNING * * *
😨 HP[-3]
You take 3 damage, and now have 17/46 hp.
Unknown command.
Unknown command.
Magic courses through your body.
The kobold hits you with a +0 short sword.
* * * LOW HITPOINT WARNING * * *
😨 HP[-1] MP[+11]
You take 1 damage, and now have 16/46 hp.
Your mp is fully restored (12).
Unknown command.
Casting: Sting (safe; 1% risk of failure)
Confirm with . or Enter, or press ? or * to list all spells.
You begin to radiate toxic energy.
The kobold brigand is poisoned.
The kobold is poisoned. x2; The kobold looks even sicker.
You kill the kobold!
Sif Muna accepts your kill. The kobold barely misses you.
The kobold brigand hits you with a +0 dagger.
* * * LOW HITPOINT WARNING * * *
😱 HP[-5] MP[-4]
You take 5 damage, and now have 11/46 hp.
You lost 4 mp, and now have 8/12 mp.
Unknown command.
The kobold brigand looks even sicker.
You kill the kobold!
Sif Muna accepts your kill.
You hear a splash. x3
The kobold brigand hits you with a +0 dagger.
* * * LOW HITPOINT WARNING * * *
😱 HP[-4]
You take 4 damage, and now have 7/46 hp.
Unknown command.
Your toxic aura wanes.
The kobold brigand attacks as it pursues you!
The kobold brigand closely misses you.
Unknown command.
Unknown command.
The kobold brigand attacks as it pursues you!
The kobold brigand completely misses you.
There is an open door here. 😱 HP[+1] 😱 MP[+1]
Casting: Olgreb's Toxic Radiance (dangerous; 4% risk of failure)
Confirm with . or Enter, or press ? or * to list all spells.
You begin to radiate toxic energy.
The kobold brigand looks even sicker.
The kobold brigand hits you with a +0 dagger!
* * * LOW HITPOINT WARNING * * *
😱 HP[-7] MP[-4]
You take 7 damage, and now have 1/46 hp.
You lost 4 mp, and now have 5/12 mp.
Unknown command.
Your toxic aura wanes.
The kobold brigand throws a poisoned dart.
The poisoned dart hits you!
You are lethally poisoned!
You die...

Skill      XL: |  1  2  3  4  5 |
---------------+----------------+-----
Fighting       | 1 2 |  2.8
Spellcasting   | 3 4 |  4.4
Poison Magic   | 5 6 |  6.9
Dodging        | |  1.7
Stealth        | |  2.4
Transmutations | |  1.1

Action                     |  1- 3 |  4- 6 || total
---------------------------+-------+-------++-------
  Melee: Club              |     1 |       ||     1
         Dagger            |     3 |    61 ||    64
   Cast: Sting             |    67 |    50 ||   117
         Poisonous Vapours |     1 |     9 ||    10
         Olgreb's Toxic Ra |       |    14 ||    14
    Use: Potion            |       |     1 ||     1
   Stab: Sleeping          |       |     1 ||     1
 Armour: Robe              |    10 |    45 ||    55
  Dodge: Dodged            |     9 |    69 ||    78

Levels and vault maps discovered:
D:1:      evilmike_arrival_hilbert_curve, layout_rooms,
          hellmonk_ecumenical_altar_run_dry
D:2:      layout_basic, basic_altar, grunt_ministairs_12, uniq_sigmund
D:3:      layout_basic, tgw_kikubaaqudgha, minitemple
D:4:      layout_basic, portal_sewer_entry_c, serial_glass, glass_columns_b,
          glass_columns_b, glass_columns_a, glass_columns_a, glass_columns_c,
          uniq_ijyb, uniq_natasha
Sewer:    kennysheep_sewer_church

Notes
Turn   | Place    | Note
-------+----------+-------------------------------------------
     0 | D:1      | MackTheKnife the Formicid Venom Mage began the quest for
                  | the Orb.
     0 | D:1      | Reached XP level 1. HP: 13/13 MP: 3/3
     0 | D:1      | magus.rc [v1.9.6]
    28 | D:1      | You pick up a book of Air and begin reading...
    28 | D:1      | You add the spells Shock and Airstrike to your library.
   194 | D:1      | Found a faded altar of an unknown god.
   201 | D:1      | Prayed at the altar of an unknown god.
   201 | D:1      | Became a worshipper of Sif Muna the Loreminder
   201 | D:1      | Reached * piety under Sif Muna
   219 | D:1      | Reached XP level 2. HP: 20/20 MP: 1/5
   347 | D:1      | You add the spells Summon Forest, Eringya's Noxious Bog and
                  | Summon Hydra to your library.
   421 | D:1      | Reached skill level 1 in Fighting
   637 | D:1      | Learned a level 2 spell: Poisonous Vapours
   808 | D:2      | Reached XP level 3. HP: 26/26 MP: 3/6
   865 | D:2      | Found a blossoming altar of Fedhas.
  1139 | D:2      | Reached ** piety under Sif Muna
  1250 | D:2      | You pick up a book of Necromancy and begin reading...
  1250 | D:2      | You add the spells Necrotise, Vampiric Draining and Agony
                  | to your library.
  1498 | D:2      | Noticed Sigmund
  1638 | D:2      | Reached XP level 4. HP: 30/33 MP: 3/8
  1818 | D:3      | Reached skill level 2 in Fighting
  1823 | D:3      | Learned a level 4 spell: Olgreb's Toxic Radiance
  1837 | D:3      | Found an ancient bone altar of Kikubaaqudgha.
  1841 | D:3      | Reached skill level 3 in Spellcasting
  1887 | D:3      | Noticed a human
  1889 | D:3      | Killed a human
  2050 | D:3      | Reached skill level 5 in Poison Magic
  2187 | D:3      | Found a shimmering blue altar of Sif Muna.
  2193 | D:3      | Found a hazy altar of Hepliaklqana.
  2639 | D:4      | Reached XP level 5. HP: 38/38 MP: 3/10
  2641 | D:4      | Noticed Ijyb
  2673 | D:4      | Noticed Natasha
  2679 | D:4      | Killed Natasha
  2679 | D:4      | Reached *** piety under Sif Muna
  2795 | D:4      | Noticed Natasha
  2803 | D:4      | Killed Natasha
  2804 | D:4      | Reached skill level 4 in Spellcasting
  2804 | D:4      | Reached skill level 6 in Poison Magic
  2809 | D:4      | Found a glowing drain.
  2820 | D:4      | Noticed Natasha
  2825 | D:4      | Reached XP level 6. HP: 44/44 MP: 3/12
  2829 | Sewer    | Entered a sewer
  3224 | Sewer    | Found a burning altar of Makhleb.
  3231 | Sewer    | Identified the +5 sling "Upuoha" {antimagic, Int+3 Dex+5}
  3265 | Sewer    | HP: 11/46 [kobold brigand/+0 dagger (5)]
  3273 | Sewer    | HP: 1/46 [kobold brigand/+0 dagger (8)]
  3275 | Sewer    | Succumbed to a kobold brigand's poison

Vanquished Creatures
  A kobold brigand (Sewer)
  A quasit (Sewer)
  Natasha (twice) (D:4)
  An iguana (D:4)
  3 adders
  2 river rats (D:4)
  2 shadow imps (Sewer)
  2 ufetubi (Sewer)
  2 dart slugs
  6 orcs (D:3)
  6 bats
  12 endoplasms
  8 giant cockroaches
  2 goblins
  3 hobgoblins
  21 kobolds
  A quokka (D:2)
  9 ball pythons
  A frilled lizard (D:2)
  8 rats
93 creatures vanquished.

Vanquished Creatures (others)
  A human (D:3)
  An endoplasm (Sewer)
2 creatures vanquished.

Grand Total: 95 creatures vanquished

Table legend:
 A = Non-vault XP
 B = Vault XP
 C = Vault XP percentage of total XP
 D = Non-vault monster count
 E = Vault monster count
 F = Vault count percentage of total count
                 A         B        C        D         E       F
            +---------+---------+-------+---------+---------+-------
      Total |     215 |     274 |  56.0 |      61 |      32 |  34.4
            +---------+---------+-------+---------+---------+-------
        D:1 |      27 |       0 |   0.0 |      15 |       0 |   0.0
        D:2 |      41 |       3 |   6.8 |      20 |       2 |   9.1
        D:3 |      64 |       0 |   0.0 |      17 |       0 |   0.0
        D:4 |      83 |      67 |  44.7 |       9 |       8 |  47.1
      Sewer |       0 |     204 | 100.0 |       0 |      22 | 100.0
            +---------+---------+-------+---------+---------+-------

Skill      XL: |  1  2  3  4  5 |
---------------+----------------+-----
Fighting       | 1 2 |  2.8
Spellcasting   | 3 4 |  4.4
Poison Magic   | 5 6 |  6.9
Dodging        | |  1.7
Stealth        | |  2.4
Transmutations | |  1.1

Action                     |  1- 3 |  4- 6 || total
---------------------------+-------+-------++-------
  Melee: Club              |     1 |       ||     1
         Dagger            |     3 |    61 ||    64
   Cast: Sting             |    67 |    50 ||   117
         Poisonous Vapours |     1 |     9 ||    10
         Olgreb's Toxic Ra |       |    14 ||    14
    Use: Potion            |       |     1 ||     1
   Stab: Sleeping          |       |     1 ||     1
 Armour: Robe              |    10 |    45 ||    55
  Dodge: Dodged            |     9 |    69 ||    78

Illustrated notes

Table legend:
 A = Kills in this place as a percentage of kills in the entire game.
 B = Kills by you in this place as a percentage of kills by you in the entire game.
 C = Kills by friends in this place as a percentage of kills by friends in the entire game.
 D = Other kills in this place as a percentage of other kills in the entire game.
 E = Experience gained in this place as a percentage of experience gained in the entire game.
 F = Experience gained in this place divided by the number of levels of this place that you have seen.
                   A       B       C       D       E      F
               +-------+-------+-------+-------+-------+----------------------
         Total | 100.0 | 100.0 |   N/A |   N/A | 100.0 |  97.8
       Dungeon |  76.3 |  76.3 |   N/A |   N/A |  58.3 |  71.2
         Sewer |  23.7 |  23.7 |   N/A |   N/A |  41.7 | 204.0
               +-------+-------+-------+-------+-------+----------------------

Table legend: (Time is in decaauts)
 A = Elapsed time spent in this place.
 B = Non-inter-level travel time spent in this place.
 C = Inter-level travel time spent in this place.
 D = Time resting spent in this place.
 E = Time spent auto-exploring this place.
 F = Levels seen in this place.
 G = Mean time per level.
                   A        B        C        D        E       F      G
               +--------+--------+--------+--------+--------+-----+--------+
         Total |   3279 |   3153 |    126 |    452 |   2035 |   5 |  655.8 |
       Dungeon |   2829 |   2703 |    126 |    296 |   1872 |   4 |  707.2 |
         Sewer |    450 |    450 |      0 |    156 |    163 |   1 |  450.0 |
               +--------+--------+--------+--------+--------+-----+--------+

Top non-repeatable levels by time:
     D:2: 1075 daAuts
     D:3: 808 daAuts
     D:1: 801 daAuts
   Sewer: 450 daAuts
     D:4: 144 daAuts
